 Dungeon Crawl Stone Soup version 0.31-a0-986-g5e6e4ef867 (webtiles) character file.

Game seed: 16178842928715628619

184 Naiya55 the Chopper (level 5, -2/43 HPs)
             Began as a Formicid Fighter on Nov 3, 2023.
             Slain by Pargi (5 damage)
             ... in a sewer.
             The game lasted 00:04:30 (1622 turns).

Naiya55 the Chopper (Formicid Fighter)              Turns: 1622, Time: 00:04:31

Health: -2/43      AC:  8    Str: 23    XL:     5   Next: 96%
Magic:  5/5        EV:  9    Int:  7    God:
Gold:   105        SH:  5    Dex: 13    Spells: 4/4 levels left

rFire   . . .        a - +0 war axe
rCold   . . .        c - +0 buckler
rNeg    . . .        j - +0 scale mail
rPois   .            (helmet unavailable)
rElec   .            q - +0 cloak
rCorr   .            (no gloves)
SInv    +            (no boots)
Will    .....        (no amulet) Stlth
                     (no ring)
HPRegen 0.27/turn    (no ring)
MPRegen 0.09/turn

%: no passive effects
@: very slow
A: permanent stasis, dig shafts and tunnels, antennae 3, four strong arms
a: Dig


You were in a sewer.
You visited 1 branch of the dungeon, and saw 4 of its levels.
You also visited: Sewer.

You collected 105 gold pieces.

Inventory:

Hand Weapons
 a - a +0 war axe (weapon)
 b - a +0 sling
Armour
 c - a +0 buckler (worn)
 j - a +0 scale mail (worn)
 q - a +0 cloak (worn)
Jewellery
 g - a ring of flight
Wands
 r - a wand of iceblast (10)
Scrolls
 e - a scroll of noise {unknown}
 f - 3 scrolls of teleportation {unknown}
 h - 2 scrolls of fog {unknown}
 k - 2 scrolls of blinking {unknown}
 l - a scroll of immolation {unknown}
 m - a scroll of revelation {unknown}
 o - 3 scrolls of identify {unknown}
 p - 2 scrolls of fear {unknown}
 s - a scroll of enchant weapon {unknown}
Potions
 d - a potion of might
 i - 3 potions of curing {unknown}
 n - a potion of mutation {unknown}


   Skills:
 + Level 4.7 Fighting
 * Level 4.7 Axes
 - Level 3.2 Armour
 - Level 4.0 Shields


You had 4 spell levels left.
You didn't know any spells.
Your spell library contained the following spells:

 Spells                   Type           Power      Damage    Failure   Level
 Hailstorm                Conj/Ice       0%         3d3       99%         3
 Summon Ice Beast         Ice/Summ       0%         N/A       100%        4
 Simulacrum               Ice/Necr       0%         N/A       100%        6


Dungeon Overview and Level Annotations

Branches:
Dungeon (4/15)              Sewer (1/1)
 Temple: D:4-7

Altars:

Shops:
D:4 [:

Annotations:
Sewer Pargi


Innate Abilities, Weirdness & Mutations

You cannot be hasted, slowed, berserked, paralysed or teleported.
You can dig through walls and to a lower floor.
You have a pair of large antennae on your head. (SInv)
Your four strong arms can wield two-handed weapons with a shield.


Message History

* * * LOW HITPOINT WARNING * * *
Pargi claws you but does no damage. You block Pargi's attack.
The ball python bites you but does no damage.
The ball python constricts you.
You slash Pargi!
Pargi is moderately wounded.
You closely miss the ball python. Pargi bites you but does no damage.
Pargi claws you.
* * * LOW HITPOINT WARNING * * *
Pargi claws you but does no damage.
The ball python bites you but does no damage.
The ball python constricts you. You block Pargi's attack. x2
Pargi claws you but does no damage. The ball python barely misses you.
The ball python constricts you.
Your unstable footing causes you to fumble your attack.
You block the ball python's attack. The ball python constricts you.
Pargi barely misses you. x2; Pargi claws you but does no damage.
You barely miss Pargi.
Pargi is moderately wounded.
You hit the ball python.
You kill the ball python!
Pargi bites you!
* * * LOW HITPOINT WARNING * * *
You block Pargi's attack. Pargi claws you but does no damage.
You slash Pargi!
Pargi is heavily wounded.
You closely miss the frilled lizard.
The frilled lizard hisses.
You block the frilled lizard's attack. Pargi closely misses you.
Pargi claws you.
* * * LOW HITPOINT WARNING * * *
Pargi barely misses you.
Your unstable footing causes you to fumble your attack.
The frilled lizard barely misses you. Pargi closely misses you.
Pargi claws you but does no damage. Pargi barely misses you.
Pargi bites you but does no damage. Pargi claws you but does no damage. x2
The frilled lizard closely misses you.
Your unstable footing causes you to fumble your attack.
The frilled lizard closely misses you. Pargi bites you.
You die...

############≈#
≈≈≈≈≈≈≈≈≈≈#≈≈#####
≈≈≈≈≈≈≈≈≈≈≈≈≈≈≈≈≈#
≈≈≈≈≈≈≈≈≈≈≈≈≈≈≈≈####
≈≈≈≈≈≈≈≈≈≈≈≈≈≈≈≈≈#≈##
≈≈≈≈≈≈≈≈≈≈≈≈≈≈≈≈≈≈≈≈##
≈≈≈≈≈≈l≈≈≈≈≈≈≈≈≈≈≈≈≈≈#
≈≈≈≈≈≈T@~.≈≈≈≈≈≈≈≈≈≈≈##
≈≈≈≈~.####~~≈≈≈≈≈≈≈≈≈≈#
≈≈... ##.~≈≈≈≈≈≈≈≈≈#
~~## #.~..≈≈≈≈≈≈≈# #
#####~≈≈≈≈≈≈##
#.~≈≈≈≈≈≈≈ ###~≈≈≈≈≈≈
##~≈≈≈≈≈# #.≈≈≈≈≈≈#


You could see Pargi and a frilled lizard.

Vanquished Creatures
  A scorpion (D:4)
  A hound (D:4)
  An adder (D:2)
  2 worms
  2 dart slugs
  3 orcs (D:4)
  7 endoplasms
  3 giant cockroaches
  8 goblins
  4 hobgoblins
  6 jackals
  5 quokkas
  6 ball pythons
  8 bats
  2 frilled lizards (D:1)
  5 kobolds
  7 rats
71 creatures vanquished.

Notes
Turn   | Place    | Note
-------+----------+-------------------------------------------
     0 | D:1      | Naiya55 the Formicid Fighter began the quest for the Orb.
     0 | D:1      | Reached XP level 1. HP: 18/18 MP: 1/1
    84 | D:1      | Reached XP level 2. HP: 21/24 MP: 2/2
   211 | D:1      | Found a faded altar of an unknown god.
   305 | D:1      | Reached XP level 3. HP: 30/30 MP: 3/3
   753 | D:2      | Reached XP level 4. HP: 31/37 MP: 4/4
  1356 | D:4      | Found Kaataamuin's Antique Armour Emporium.
  1358 | D:4      | Found Vaolumm's Book Shop.
  1396 | D:4      | Reached XP level 5. HP: 34/43 MP: 5/5
  1576 | D:4      | Found a glowing drain.
  1587 | Sewer    | Entered a sewer
  1604 | Sewer    | Noticed Pargi
  1620 | Sewer    | HP: 2/43 [Pargi (1)]
  1622 | Sewer    | Slain by Pargi

Illustrated notes

Levels and vault maps discovered:
D:1:      heliophobic_arrival_enchanted_forest, layout_rooms,
          dreamdust_ecumenical_altar_statues
D:2:      layout_rooms
D:3:      layout_basic
D:4:      cheibrodos_helix_gallery, layout_cave_pools, gup_sewer_entry_bubbles,
          chequers_arboretum, nicolae_wooded_promenade, grunt_ministairs_15
Sewer:    sewer_co_pargi_island

Skill      XL: |  1  2  3  4 |
---------------+-------------+-----
Axes           | 3 4 |  4.7
Fighting       | 4 |  4.7
Armour         | |  3.2
Shields        | |  4.0

Action                     |  1- 3 |  4- 6 || total
---------------------------+-------+-------++-------
  Melee: War axe           |    97 |   110 ||   207
 Armour: Scale mail        |    62 |   129 ||   191
  Dodge: Dodged            |    43 |    78 ||   121
  Block: Buckler           |    28 |    41 ||    69

Table legend: (Time is in decaauts)
 A = Elapsed time spent in this place.
 B = Non-inter-level travel time spent in this place.
 C = Inter-level travel time spent in this place.
 D = Time resting spent in this place.
 E = Time spent auto-exploring this place.
 F = Levels seen in this place.
 G = Mean time per level.
                   A        B        C        D        E       F      G
               +--------+--------+--------+--------+--------+-----+--------+
         Total |   1711 |   1651 |     60 |     75 |    925 |   5 |  342.2 |
       Dungeon |   1666 |   1606 |     60 |     75 |    909 |   4 |  416.5 |
         Sewer |     44 |     44 |      0 |      0 |     16 |   1 |   44.0 |
               +--------+--------+--------+--------+--------+-----+--------+

Top non-repeatable levels by time:
     D:3: 477 daAuts
     D:1: 474 daAuts
     D:2: 424 daAuts
     D:4: 289 daAuts
   Sewer: 44 daAuts
